 Dungeon Crawl Stone Soup version 0.30-a0-141-g30f27751c5 (webtiles) character file.

Game seed: 11633169074771248088

35 qw the Chopper (level 3, -1/23 HPs)
             Began as a Gargoyle Fighter on Sept 25, 2022.
             Slain by a gnoll
             ... wielding a +0 spear
              (2 damage)
             ... on level 2 of the Dungeon.
             The game lasted 00:00:22 (1202 turns).

qw the Chopper (Gargoyle Fighter)                   Turns: 1202, Time: 00:00:22

Health: -1/23      AC: 11    Str: 21    XL:     3   Next: 33%
Magic:  3/3        EV:  9    Int:  8    God:
Gold:   17         SH:  4    Dex:  9    Spells: 2/2 levels left

rFire   . . .      SeeInvis .    Y - +0 war axe
rCold   . . .      Faith    .    c - +0 buckler
rNeg    + . .      Spirit   .    b - +0 scale mail
rPois   inf        Reflect  .    (no helmet)
rElec   +          Harm     .    e - +0 cloak
rCorr   .          Rampage  .    (no gloves)
Will    .....                    (no boots)
Stlth   ..........               (no amulet)
HPRegen 0.07/turn                (no ring)
MPRegen 0.08/turn                (no ring)

@: no status effects
A: sickness immunity, AC +3, negative energy resistance 1, electricity
resistance, torment resistance 1, petrification resistance
a: no special abilities


You were on level 2 of the Dungeon.
You visited 1 branch of the dungeon, and saw 2 of its levels.

You collected 17 gold pieces.


Innate Abilities, Weirdness & Mutations

You are immune to sickness and miasma.
Your stone body is resilient. (AC +3)
You are immune to poison.
You resist negative energy. (rN+)
You are resistant to electric shocks. (rElec)
You are resistant to unholy torment.
You are immune to petrification.


   Skills:
 - Level 3.2 Fighting
 + Level 3.3 Axes
 - Level 3.2 Armour
 - Level 3.2 Shields


You had 2 spell levels left.
You didn't know any spells.
Your spell library was empty.

Inventory:

Hand Weapons
 f - a +0 whip
 Y - a +0 war axe (weapon)
Armour
 b - a +0 scale mail (worn)
 c - a +0 buckler (worn)
 e - a +0 cloak (worn)
Potions
 d - a potion of might
 g - a potion of flight {unknown}
 h - a potion of curing

Dungeon Overview and Level Annotations

Branches:
Dungeon (2/15)

Altars:


Message History

There is a stone staircase leading down here.
You climb downwards.
The gnoll shouts! x3
Found 13 gold pieces.
Found an escape hatch in the floor.
There is a stone staircase leading up here.
There are monsters nearby!
Existing waypoints: (2) D:1 Assign waypoint to what number? (0-9, D - delete waypoint) Waypoint 1 assigned to D:2.
You block the gnoll's attack.
You barely miss the gnoll. The gnoll barely misses you.
You slash the gnoll!
The gnoll is severely wounded.
You feel your willpower return.
You hit the gnoll.
You kill the gnoll!
The gnoll hits you but does no damage.
You closely miss the gnoll. The gnoll hits you with a +0 club.
You closely miss the gnoll. You closely miss the gnoll.
The gnoll closely misses you.
The gnoll hits you from afar with a +0 spear.
The gnoll barely misses you. The gnoll misses you.
You completely miss the gnoll. You barely miss the gnoll.
You block the gnoll's attack. The gnoll hits you with a +0 flail.
The gnoll barely misses you.
You closely miss the gnoll. You slash the gnoll!
The gnoll hits you with a +0 flail.
The gnoll hits you from afar with a +0 spear.
The gnoll closely misses you.
You slash the gnoll!
You kill the gnoll!
You slash the gnoll!
You kill the gnoll!
The gnoll closely misses you.
The gnoll hits you from afar with a +0 spear.
You die...

#.# ##
#.# . #.#
#. #.#
####. #.#
......#g#
>.....#)#
..$...)@#
####...<#
##.#.#
#.#.# #
#.# ...
#.# #.#
#.#


You could see a gnoll.

Vanquished Creatures
  3 gnolls (D:2)
  A worm (D:1)
  An endoplasm (D:1)
  4 giant cockroaches (D:1)
  A goblin (D:1)
  2 hobgoblins (D:1)
  A quokka (D:1)
  2 ball pythons (D:1)
  2 bats (D:1)
  A frilled lizard (D:1)
  6 rats (D:1)
24 creatures vanquished.

Vanquished Creatures (others)
  A fungus (D:1)
  A plant (D:1)
2 creatures vanquished.

Grand Total: 26 creatures vanquished

Notes
Turn   | Place    | Note
-------+----------+-------------------------------------------
     0 | D:1      | qw the Gargoyle Fighter began the quest for the Orb.
     0 | D:1      | Reached XP level 1. HP: 14/14 MP: 1/1
     0 | D:1      | 0 ||| qw: Version: 0.2-a-10-g399e6c4
     0 | D:1      | 0 ||| qw: Game counter: 304
     0 | D:1      | 0 ||| qw: Always use a shield: true
     0 | D:1      | 0 ||| qw: God list: Okawaru
     0 | D:1      | 0 ||| qw: Allow faded altars: false
     0 | D:1      | 0 ||| qw: Do Orc after D:15 true
     0 | D:1      | 0 ||| qw: Do second Lair branch before Depths: true
     0 | D:1      | 0 ||| qw: Lair rune preference: random
     0 | D:1      | 0 ||| qw: Plans: Normal, Zot:1-4, God:TSO, Crypt, Tomb,
                  | Pan, Slime:5, Hells, Abyss, Orb
     0 | D:1      | 0 ||| PLANNING D:1-11
   287 | D:1      | Reached XP level 2. HP: 19/19 MP: 2/2
   745 | D:1      | Found a faded altar of an unknown god.
   996 | D:1      | Reached skill level 3 in Axes
  1081 | D:1      | Reached XP level 3. HP: 23/23 MP: 3/3
  1154 | D:1      | 1154 ||| UPGRADING to +0 cloak.
  1159 | D:1      | 1159 ||| READING scroll labelled LEED DEH QUN.
  1160 | D:1      | 1160 ||| READING scroll labelled ROTAUR VAGAIG.
  1161 | D:1      | 1161 ||| READING scroll labelled UROMMERCHYKH.
  1162 | D:1      | 1162 ||| READING scroll labelled NAMURUKLOR.
  1163 | D:1      | 1163 ||| DRINKING 2 metallic puce potions.
  1201 | D:2      | HP: 1/23 [gnoll/+0 spear (5)]
  1202 | D:2      | Slain by a gnoll

Levels and vault maps discovered:
D:1:      dpeg_arrival_brainrot, layout_loops_corners,
          shapermc_ecumenical_altar_hornbeckon
D:2:      minmay_kobold_bridge, layout_loops_ring, minmay_tree_intersection,
          lemuel_flame_loot_1

Skill      XL: |  1  2 |
---------------+-------+-----
Axes           | 2 3 |  3.3
Fighting       | |  3.2
Armour         | |  3.2
Shields        | |  3.2

Action                   || total
-------------------------++-------
Melee: War axe           ||    71
  Use: Scroll            ||     4
       Potion            ||     1
Armor: Scale mail        ||    30
Dodge: Dodged            ||    30
Block: Buckler           ||    10

Table legend:
 A = Non-vault XP
 B = Vault XP
 C = Vault XP percentage of total XP
 D = Non-vault monster count
 E = Vault monster count
 F = Vault count percentage of total count
                 A         B        C        D         E       F
            +---------+---------+-------+---------+---------+-------
      Total |      72 |       5 |   6.5 |      23 |       1 |   4.2
            +---------+---------+-------+---------+---------+-------
        D:1 |      31 |       5 |  13.9 |      20 |       1 |   4.8
        D:2 |      41 |       0 |   0.0 |       3 |       0 |   0.0
            +---------+---------+-------+---------+---------+-------
